| TOP OF THE 1ST |
|
Hickory Crawdads batting - Pitching for Beloit Snappers : RHP Jon Hollman
|
|
Pitching: RHP Jon Hollman
|
|
|
Batting: RHB Aaron Moore
|
0-0: Called Strike 0-1: Foul Ball, location: 2F 0-2: Ball 1-2: Ball 2-2: Ball 3-2: Ground out 6-3 (Groundball, P, EV 83.8 MPH)
|
|
Batting: LHB Brian Gray
|
0-0: Called Strike 0-1: Foul Ball, location: 2F 0-2: Strikes out looking
|
|
Batting: LHB Tim Olsen
|
0-0: Ball 1-0: Swinging Strike 1-1: Called Strike 1-2: Foul Ball, location: 2F 1-2: Ball 2-2: Fly out, F9 (Flyball, 9, EV 78.8 MPH)
|
| Top of the 1st over - 0 runs, 0 hits, 0 errors, 0 left on base; Hickory 0 - Beloit 0 |
| BOTTOM OF THE 1ST |
|
Beloit Snappers batting - Pitching for Hickory Crawdads : RHP Mario Vizcaya
|
|
Pitching: RHP Mario Vizcaya
|
|
|
Batting: RHB Chris Bohm
|
0-0: Fly out, F5 (Popup, 56S, EV 79.4 MPH)
|
|
Batting: RHB Tony Crespo
|
0-0: Fly out, F9 (Line Drive, 89D, EV 104.4 MPH)
|
|
Batting: RHB Shannon Beck
|
0-0: Called Strike 0-1: Foul Ball, location: 2F 0-2: Fly out, F9 (Flyball, 9LM, EV 95.0 MPH)
|
| Bottom of the 1st over - 0 runs, 0 hits, 0 errors, 0 left on base; Hickory 0 - Beloit 0 |
| TOP OF THE 2ND |
|
Hickory Crawdads batting - Pitching for Beloit Snappers : RHP Jon Hollman
|
|
Batting: SHB Todd Hewitt
|
0-0: Ball 1-0: Ground out 6-3 (Groundball, P, EV 91.9 MPH)
|
|
Batting: RHB Jarrod Joyce
|
0-0: Foul Ball, location: 2F 0-1: Ball 1-1: Ball 2-1: Ground out U3 (Groundball, 34S, EV 93.8 MPH)
|
|
Batting: RHB Ron Corn
|
0-0: Called Strike 0-1: Called Strike 0-2: Ball 1-2: Ball 2-2: Ground out 5-3 (Groundball, 56, EV 105.6 MPH)
|
| Top of the 2nd over - 0 runs, 0 hits, 0 errors, 0 left on base; Hickory 0 - Beloit 0 |
| BOTTOM OF THE 2ND |
|
Beloit Snappers batting - Pitching for Hickory Crawdads : RHP Mario Vizcaya
|
|
Batting: LHB Chance Stever
|
0-0: Fly out, F8 (Flyball, 8LXD, EV 106.9 MPH)
|
|
Batting: LHB Jeremy Brammer
|
0-0: Called Strike 0-1: SINGLE (Groundball, 6MS, EV 71.2 MPH) (infield hit)
|
|
Batting: RHB Jamie Jennings
|
0-0: Ball 1-0: Called Strike 1-1: Foul Ball, location: 2F 1-2: Ball 2-2: Ball 3-2: Strikes out swinging Jeremy Brammer steals 2nd base (no throw) Batter strikes out.
|
|
Batting: RHB Don Burt
|
0-0: Swinging Strike 0-1: Ball Wild Pitch! Jeremy Brammer to third 1-1: Ball 2-1: DOUBLE (Groundball, 5L, EV 107.5 MPH) Jeremy Brammer scores
|
|
Batting: RHB Clay Statum
|
0-0: Ball 1-0: Ball 2-0: Called Strike 2-1: Ball 3-1: Called Strike 3-2: Ground out U3 (Groundball, 3, EV 103.1 MPH)
|
| Bottom of the 2nd over - 1 run, 2 hits, 0 errors, 1 left on base; Hickory 0 - Beloit 1 |
| TOP OF THE 3RD |
|
Hickory Crawdads batting - Pitching for Beloit Snappers : RHP Jon Hollman
|
|
Batting: LHB Lee Gerken
|
0-0: Foul Ball, location: 2F 0-1: Ball 1-1: Foul Ball, location: 2F 1-2: Foul Ball, location: 2F 1-2: Ball 2-2: Ball 3-2: SINGLE (Groundball, P, EV 81.9 MPH) (infield hit)
|
|
Batting: RHB Zach Thomason
|
0-0: Called Strike 0-1: Foul Ball, location: 2F 0-2: Ball 1-2: Strikes out looking
|
|
Batting: RHB Dave Brabo
|
0-0: Foul Ball, location: 2F 0-1: 2-RUN HOME RUN (Flyball, 78XD, EV 103.8 MPH), Distance : 433 ft
|
|
Batting: RHB Aaron Moore
|
0-0: Foul Ball, location: 2F 0-1: Ball 1-1: Foul Ball, location: 2F 1-2: Ground out 6-3 (Groundball, 6, EV 86.9 MPH)
|
|
Batting: LHB Brian Gray
|
0-0: Swinging Strike 0-1: Ball 1-1: Swinging Strike 1-2: Ball 2-2: Ball 3-2: Ground out U3 (Groundball, 3, EV 88.8 MPH)
|
| Top of the 3rd over - 2 runs, 2 hits, 0 errors, 0 left on base; Hickory 2 - Beloit 1 |
| BOTTOM OF THE 3RD |
|
Beloit Snappers batting - Pitching for Hickory Crawdads : RHP Mario Vizcaya
|
|
Batting: SHB Eric Tiehen
|
0-0: Ball 1-0: Ball 2-0: Ground out 4-3 (Groundball, 34, EV 86.2 MPH)
|
|
Batting: RHB Chris Bohm
|
0-0: Ball 1-0: Ball 2-0: SINGLE (Groundball, 5D, EV 105.6 MPH)
|
|
Batting: RHB Tony Crespo
|
0-0: Ball 1-0: Foul Ball, location: 2F 1-1: Called Strike 1-2: Ball 2-2: DOUBLE (Line Drive, 5D, EV 94.4 MPH) Chris Bohm to third
|
|
Batting: RHB Shannon Beck
|
0-0: Ball 1-0: Fly out, F9 (Flyball, 9D, EV 99.4 MPH) Runner from 3rd tags up, SCORES, throw by RF Tony Crespo to third
|
|
Batting: LHB Chance Stever
|
0-0: Ball 1-0: Fly out, F8 (Flyball, 89M, EV 81.9 MPH)
|
| Bottom of the 3rd over - 1 run, 2 hits, 0 errors, 1 left on base; Hickory 2 - Beloit 2 |
| TOP OF THE 4TH |
|
Hickory Crawdads batting - Pitching for Beloit Snappers : RHP Jon Hollman
|
|
Batting: LHB Tim Olsen
|
0-0: Foul Ball, location: 2F 0-1: Foul Ball, location: 2F 0-2: Strikes out swinging
|
|
Batting: SHB Todd Hewitt
|
0-0: Called Strike 0-1: Ball 1-1: Ball 2-1: Ball 3-1: Called Strike 3-2: Foul Ball, location: 2F 3-2: SINGLE (Line Drive, 3D, EV 95.0 MPH)
|
|
Batting: RHB Jarrod Joyce
|
0-0: Called Strike Todd Hewitt steals 2nd base 0-1: Foul Ball, location: 2F 0-2: Strikes out swinging
|
|
Batting: RHB Ron Corn
|
0-0: Foul Ball, location: 2F 0-1: Ball 1-1: Ball 2-1: Foul Ball, location: 2F 2-2: Ball 3-2: Fly out, F8 (Flyball, 8LM, EV 91.9 MPH)
|
| Top of the 4th over - 0 runs, 1 hit, 0 errors, 1 left on base; Hickory 2 - Beloit 2 |
| BOTTOM OF THE 4TH |
|
Beloit Snappers batting - Pitching for Hickory Crawdads : RHP Mario Vizcaya
|
|
Batting: LHB Jeremy Brammer
|
0-0: Foul Ball, location: 2F 0-1: Ball 1-1: Foul Ball, location: 2F 1-2: Strikes out swinging
|
|
Batting: RHB Jamie Jennings
|
0-0: Ball 1-0: Called Strike 1-1: Ball 2-1: Ball 3-1: Foul Ball, location: 2F 3-2: Strikes out looking
|
|
Batting: RHB Don Burt
|
0-0: Called Strike 0-1: Ball 1-1: Called Strike 1-2: Foul Ball, location: 2F 1-2: Ball 2-2: Strikes out swinging
|
| Bottom of the 4th over - 0 runs, 0 hits, 0 errors, 0 left on base; Hickory 2 - Beloit 2 |
| TOP OF THE 5TH |
|
Hickory Crawdads batting - Pitching for Beloit Snappers : RHP Jon Hollman
|
|
Batting: LHB Lee Gerken
|
0-0: DOUBLE (Groundball, 5L, EV 100.6 MPH)
|
|
Batting: RHB Zach Thomason
|
0-0: Ball 1-0: Ball 2-0: Called Strike 2-1: Foul Ball, location: 2F 2-2: Fly out, F9 (Flyball, 9, EV 82.5 MPH)
|
|
Batting: RHB Dave Brabo
|
0-0: Ground out U3 (Groundball, 3S, EV 68.8 MPH) Lee Gerken to third
|
|
Batting: RHB Aaron Moore
|
0-0: Foul Ball, location: 2F 0-1: Ball 1-1: Called Strike 1-2: Foul Ball, location: 2F 1-2: Ball 2-2: Strikes out looking
|
| Top of the 5th over - 0 runs, 1 hit, 0 errors, 1 left on base; Hickory 2 - Beloit 2 |
| BOTTOM OF THE 5TH |
|
Beloit Snappers batting - Pitching for Hickory Crawdads : RHP Mario Vizcaya
|
|
Batting: RHB Clay Statum
|
0-0: Ground out 4-3 (Groundball, 4, EV 100.6 MPH)
|
|
Batting: SHB Eric Tiehen
|
0-0: Foul Ball, location: 2F 0-1: Foul Ball, location: 2F 0-2: Foul Ball, location: 2F 0-2: Ball 1-2: Ball 2-2: Ground out U3 (Groundball, 34S, EV 88.1 MPH)
|
|
Batting: RHB Chris Bohm
|
0-0: Ground out U3 (Groundball, 23, EV 91.2 MPH)
|
| Bottom of the 5th over - 0 runs, 0 hits, 0 errors, 0 left on base; Hickory 2 - Beloit 2 |
| TOP OF THE 6TH |
|
Hickory Crawdads batting - Pitching for Beloit Snappers : RHP Jon Hollman
|
|
Batting: LHB Brian Gray
|
0-0: Ball 1-0: Called Strike 1-1: Ball 2-1: Fly out, F7 (Flyball, 7, EV 93.8 MPH)
|
|
Pitching: RHP Juan Lucero
|
|
|
Batting: LHB Tim Olsen
|
0-0: Ball 1-0: Ball 2-0: Foul Ball, location: 2F 2-1: Called Strike 2-2: Strikes out swinging
|
|
Batting: SHB Todd Hewitt
|
0-0: Ball 1-0: Ball 2-0: Ball 3-0: Foul Ball, location: 2F 3-1: Foul Ball, location: 2F 3-2: Strikes out swinging
|
| Top of the 6th over - 0 runs, 0 hits, 0 errors, 0 left on base; Hickory 2 - Beloit 2 |
| BOTTOM OF THE 6TH |
|
Beloit Snappers batting - Pitching for Hickory Crawdads : RHP Mario Vizcaya
|
|
Batting: RHB Tony Crespo
|
0-0: Ground out 4-3 (Groundball, 4, EV 86.9 MPH)
|
|
Batting: RHB Shannon Beck
|
0-0: Foul Ball, location: 2F 0-1: Ball 1-1: SOLO HOME RUN (Flyball, 7D, EV 95.0 MPH), Distance : 387 ft
|
|
Batting: LHB Chance Stever
|
0-0: Ground out 6-3 (Groundball, P, EV 86.2 MPH)
|
|
Batting: LHB Jeremy Brammer
|
0-0: Ball 1-0: Foul Ball, location: 2F 1-1: Ball 2-1: Ball 3-1: Base on Balls
|
|
Batting: RHB Jamie Jennings
|
0-0: Foul Ball, location: 2F 0-1: Ball 1-1: Ground out 5-3 (Groundball, 56, EV 98.8 MPH)
|
| Bottom of the 6th over - 1 run, 1 hit, 0 errors, 1 left on base; Hickory 2 - Beloit 3 |
| TOP OF THE 7TH |
|
Hickory Crawdads batting - Pitching for Beloit Snappers : RHP Juan Lucero
|
|
Pitching: LHP Adam Wood
|
|
|
Batting: RHB Jarrod Joyce
|
0-0: Ball 1-0: Ball 2-0: Ball 3-0: Base on Balls
|
|
Batting: RHB Ron Corn
|
0-0: Ball 1-0: Bunted foul 1-1: Sac Bunt to 15 - play at first, batter OUT! 1-3 Jarrod Joyce to second
|
|
Pinch Hitting: RHB Jorge Benites
|
0-0: Ball 1-0: Ball 2-0: Ball 3-0: Base on Balls
|
|
Batting: RHB Zach Thomason
|
0-0: Called Strike 0-1: Called Strike 0-2: Strikes out swinging
|
|
Batting: RHB Dave Brabo
|
0-0: Fly out, F8 (Line Drive, 8RM, EV 93.8 MPH)
|
| Top of the 7th over - 0 runs, 0 hits, 0 errors, 2 left on base; Hickory 2 - Beloit 3 |
| BOTTOM OF THE 7TH |
|
Beloit Snappers batting - Pitching for Hickory Crawdads : RHP Mario Vizcaya
|
|
Now at 1B: Dermott Neill
|
|
|
Batting: RHB Don Burt
|
0-0: Foul Ball, location: 2F 0-1: Ball 1-1: Ball 2-1: Foul Ball, location: 2F 2-2: Ball 3-2: Foul Ball, location: 2F 3-2: SINGLE (Groundball, 6MD, EV 102.5 MPH)
|
|
Batting: RHB Clay Statum
|
0-0: Ball 1-0: Ball 2-0: Ball 3-0: Called Strike 3-1: Fielders Choice at 2nd, 4-6 (Groundball, 4MD, EV 105.6 MPH)
|
|
Now at 3B: Johannes Gutermuth
|
|
|
Now at SS: Jarrod Joyce
|
|
|
Batting: SHB Eric Tiehen
|
0-0: Called Strike 0-1: Ball 1-1: Ball 2-1: Foul Ball, location: 2F 2-2: Strikes out swinging
|
|
Batting: RHB Chris Bohm
|
0-0: Foul Ball, location: 2F 0-1: Ball Clay Statum steals 2nd base 1-1: Swinging Strike 1-2: Strikes out looking
|
| Bottom of the 7th over - 0 runs, 1 hit, 0 errors, 1 left on base; Hickory 2 - Beloit 3 |
| TOP OF THE 8TH |
|
Hickory Crawdads batting - Pitching for Beloit Snappers : LHP Adam Wood
|
|
Now at C: Don Burt
|
|
|
Now at 1B: Ivan Barry
|
|
|
Batting: RHB Aaron Moore
|
0-0: Called Strike 0-1: Foul Ball, location: 2F 0-2: Foul Ball, location: 2F 0-2: Ball 1-2: Foul Ball, location: 2F 1-2: SINGLE (Groundball, 56, EV 105.0 MPH) (infield hit)
|
|
Batting: LHB Brian Gray
|
0-0: Sac Bunt to 13S - play at first, batter OUT! 1-3 Aaron Moore to second
|
|
Batting: SHB Quido van Erp
|
0-0: Ball 1-0: Ball 2-0: SINGLE (Groundball, 6MD, EV 106.9 MPH) (infield hit) Aaron Moore to third
|
|
Batting: SHB Todd Hewitt
|
0-0: Swinging Strike 0-1: Called Strike 0-2: Foul Ball, location: 2F 0-2: Ball 1-2: Strikes out looking
|
|
Batting: RHB Jarrod Joyce
|
0-0: Ball 1-0: Ball Wild Pitch! Aaron Moore scores Quido van Erp to second 2-0: Called Strike 2-1: Ground out 5-3 (Groundball, 56S, EV 79.4 MPH)
|
| Top of the 8th over - 1 run, 2 hits, 0 errors, 1 left on base; Hickory 3 - Beloit 3 |
| BOTTOM OF THE 8TH |
|
Beloit Snappers batting - Pitching for Hickory Crawdads : RHP Mario Vizcaya
|
|
Batting: RHB Tony Crespo
|
0-0: Ball 1-0: Foul Ball, location: 2F 1-1: Foul Ball, location: 2F 1-2: Foul Ball, location: 2F 1-2: Ball 2-2: Fly out, F9 (Flyball, 89D, EV 97.5 MPH)
|
|
Batting: RHB Shannon Beck
|
0-0: Ball 1-0: Ball 2-0: Ball 3-0: Called Strike 3-1: Called Strike 3-2: Base on Balls
|
|
Pitching: RHP Miguel Arguello
|
|
|
Batting: LHB Chance Stever
|
0-0: Called Strike 0-1: Ball 1-1: Fly out, F9 (Flyball, 9, EV 76.2 MPH)
|
|
Batting: LHB Jeremy Brammer
|
0-0: Swinging Strike 0-1: Ball 1-1: Foul Ball, location: 2F 1-2: 2-RUN HOME RUN (Flyball, 89XD, EV 103.1 MPH), Distance : 404 ft
|
|
Batting: RHB Jamie Jennings
|
0-0: Called Strike 0-1: Swinging Strike 0-2: Foul Ball, location: 2F 0-2: Strikes out swinging
|
| Bottom of the 8th over - 2 runs, 1 hit, 0 errors, 0 left on base; Hickory 3 - Beloit 5 |
| TOP OF THE 9TH |
|
Hickory Crawdads batting - Pitching for Beloit Snappers : LHP Adam Wood
|
|
Pitching: RHP Tony Contreras
|
|
|
Batting: RHB Ron Corn
|
0-0: Ball 1-0: Called Strike 1-1: Ball 2-1: Foul Ball, location: 2F 2-2: Strikes out swinging
|
|
Pinch Hitting: LHB Caleb Domino
|
0-0: Foul Ball, location: 2F 0-1: Ball 1-1: Foul Ball, location: 2F 1-2: Ball 2-2: Ground out 4-3 (Groundball, 4, EV 83.1 MPH)
|
|
Batting: RHB Zach Thomason
|
0-0: Foul Ball, location: 2F 0-1: Called Strike 0-2: Strikes out looking
|
| Top of the 9th over - 0 runs, 0 hits, 0 errors, 0 left on base; Hickory 3 - Beloit 5 |
|